 Dungeon Crawl Stone Soup version 0.17.0-24-gcfadda4 (console) character file.

214 Kloppie the Chiller (level 5, 0/44 HPs)
             Began as a Merfolk Ice Elementalist on Nov 17, 2015.
             Succumbed to a worker ant's poison
             ... on level 5 of the Dungeon.
             The game lasted 00:10:06 (4955 turns).

Kloppie the Chiller (Merfolk Ice Elementalist)      Turns: 4955, Time: 00:10:06

Health: 0/44       AC:  6    Str:  8    XL:     5   Next: 92%
Magic:  7/8        EV: 18    Int: 16    God:
Gold:   156        SH:  0    Dex: 19    Spells: 3 memorised, 2 levels left

rFire  . . .     SeeInvis .     u - +0 flail
rCold  . . .     Clarity  .     a - +0 robe
rNeg   . . .     SustAt   .     (no shield)
rPois  .         Gourm    .     m - +0 helmet (curse)
rElec  .         Spirit   .     e - +0 cloak
rCorr  .         Warding  .     (no gloves)
rMut   .         Stasis   .     x - +0 pair of boots
MR     .....                    (no amulet)
Stlth  ++++......               (no ring)
                                t - ring of stealth

@: agile, lethally poisoned (0 -> -3), hasted, very quick, not resistant to
hostile enchantments, stealthy
A: change form in water, swift swim, rugged brown scales 1
a: no special abilities


You were on level 5 of the Dungeon.
You were not hungry.

You visited 1 branch of the dungeon, and saw 5 of its levels.

You collected 156 gold pieces.

Inventory:

Hand Weapons
 u - a +0 flail (weapon)
Armour
 a - a +0 robe (worn)
 e - a +0 cloak (worn)
 f - a +2 shield
 m - a cursed +0 helmet (worn)
 x - a +0 pair of boots (worn)
Jewellery
 t - a ring of stealth (left hand)
 w - an uncursed ring of see invisible {unknown}
Wands
 s - a wand of draining (5)
Scrolls
 j - 4 scrolls of amnesia {unknown}
 l - a scroll of fear {unknown}
 o - 2 scrolls of magic mapping {unknown}
 p - 2 scrolls of identify {unknown}
 r - 3 scrolls of fog {unknown}
 v - a scroll of random uselessness {unknown}
 y - a scroll of teleportation {unknown}
Potions
 i - a potion of beneficial mutation
 k - a potion of agility
 n - a potion of ambrosia {unknown}
 q - a potion of poison {unknown}
Books
 b - a book of Frost

   Spells                             Type                      Level
   a - Freeze                         Ice                          1
   b - Throw Frost                    Conjuration/Ice              2
   c - Ozocubu's Armour               Charms/Ice                   3
   d - Throw Icicle                   Conjuration/Ice              4
   e - Summon Ice Beast               Ice/Summoning                4
   f - Condensation Shield            Ice                          4
Comestibles
 c - 3 bread rations
 d - a royal jelly
 h - 3 meat rations
 z - a chunk of flesh


   Skills:
 + Level 4.5 Fighting
 - Level 2.6 Dodging
 - Level 2.1 Stealth
 - Level 2.0 Spellcasting
 + Level 1.2 Conjurations
 - Level 4.9 Ice Magic


You had 2 spell levels left.
You knew the following spells:

 Your Spells              Type           Power        Failure   Level  Hunger
a - Freeze                Ice            ###.         3%          1    #......
b - Throw Frost           Conj/Ice       ##....       10%         2    ###....
c - Ozocubu's Armour      Chrm/Ice       #.......     28%         3    ###....


Dungeon Overview and Level Annotations

Branches:
Dungeon (5/15)
 Temple: D:4-7

Altars:
Gozag

Shops:
D:2 *

Annotations:
D:4 Grinder
D:5 Eustachio; hackum's ghost, amateur DgFi


Innate Abilities, Weirdness & Mutations

You revert to your normal form in water.
You are very nimble and swift while swimming.
You are partially covered in rugged brown scales (AC +1, +3% HP).


Message History

A giant cockroach comes into view.
* * * LOW HITPOINT WARNING * * *
You feel sick.
Found 6 gold pieces.
Drink which item? (? for menu, Esc to quit)
It was a potion of beneficial mutation.
Rugged brown scales grow over part of your body.
You feel fantastic!
* * * LOW HITPOINT WARNING * * *
You feel sick.
The worker ant bites you but does no damage.
Drink which item? (? for menu, Esc to quit)
It was a potion of agility.
You feel agile all of a sudden. The worker ant misses you.
The worker ant barely misses you.
Your magical contamination has completely faded away.
Found a stone staircase leading down.
Drink which item? (? for menu, Esc to quit)
It was a potion of haste.
You feel yourself speed up.
You die...

###....## # #...##
####.@## #.....##
##### ##...#..###
.....> #.r.........
......# #.r........#
.......##....##....#
..$....@aW...#
?.....
.......###...#
....## ..s.... #...#
#..## ....... #Z..#
.# ....... ....#
....... #...#
....... #.## .......


You could see Eustachio, a worker ant, hackum's ghost, a giant cockroach
(sleeping) and a rat.

Vanquished Creatures
  A worker ant (D:3)
  8 adders
  8 worms
  3 giant geckos (D:3)
  9 orcs (D:3)
  5 ball pythons
  3 bats (D:3)
  3 giant cockroaches
  15 hobgoblins
  3 kobolds
  7 giant newts
  12 goblins
  2 quokkas
  5 rats
84 creatures vanquished.

Notes
Turn   | Place    | Note
--------------------------------------------------------------
     0 | D:1      | Kloppie the Merfolk Ice Elementalist began the quest for the Orb.
     0 | D:1      | Reached XP level 1. HP: 13/13 MP: 3/3
   295 | D:1      | Reached skill level 1 in Fighting
   449 | D:1      | Reached XP level 2. HP: 17/22 MP: 5/5
  1475 | D:2      | Reached XP level 3. HP: 24/28 MP: 6/6
  1548 | D:2      | Learned a level 2 spell: Throw Frost
  2269 | D:2      | Reached XP level 4. HP: 22/35 MP: 1/7
  2496 | D:2      | Found Gozag's Platinum Reserve.
  2497 | D:2      | Found an opulent altar of Gozag.
  2536 | D:2      | Reached skill level 4 in Ice Magic
  3041 | D:2      | Learned a level 3 spell: Ozocubu's Armour
  3216 | D:3      | Reached XP level 5. HP: 40/42 MP: 8/8
  4596 | D:3      | Reached skill level 1 in Conjurations
  4671 | D:4      | Noticed Grinder
  4940 | D:5      | Entered Level 5 of the Dungeon
  4940 | D:5      | Noticed Eustachio
  4940 | D:5      | Noticed hackum's ghost (amateur DgFi)
  4948 | D:5      | HP: 2/43 [worker ant (8)]
  4952 | D:5      | Gained mutation: You are partially covered in rugged brown scales (AC +1, +3% HP). [potion of beneficial mutation]
  4955 | D:5      | Succumbed to a worker ant's poison

Action                   |  1- 3 |  4- 6 || total
-------------------------+-------+-------++-------
Melee: Unarmed           |    10 |       ||    10
       Mace              |    49 |    90 ||   139
       Flail             |       |    62 ||    62
 Cast: Freeze            |    57 |    32 ||    89
  Use: Potion            |       |     3 ||     3
 Stab: Distracted        |     1 |       ||     1
       Sleeping          |       |     3 ||     3
  Eat: Chunk             |     5 |    10 ||    15
